 Dungeon Crawl Stone Soup version 0.25-a0-815-gab441bd002 (webtiles) character file.

Game seed: 4631123676438722725, levelgen mode: deterministic

2268 Maedhros the Covert (level 9, -2/53 HPs)
             Began as an Octopode Artificer on Apr 20, 2020.
             Slain by Harold
             ... wielding a +0 glaive of protection
              (10 damage)
             ... on level 7 of the Dungeon.
             The game lasted 00:07:24 (4495 turns).

Maedhros the Covert (Octopode Artificer)            Turns: 4495, Time: 00:07:24

Health: -2/53      AC:  1    Str: 11    XL:     9   Next: 38%
Magic:  14/14      EV: 13    Int: 14    God:
Gold:   122        SH:  0    Dex: 15    Spells: 8/8 levels left

rFire    . . .     SeeInvis .     - Unarmed
rCold    . . .     Gourm    .   (no shield)
rNeg     . . .     Faith    .   (helmet restricted)
rPois    .         Spirit   .   (no amulet)
rElec    .         Reflect  .   (no ring)
rCorr    .         Harm     .   (no ring)
MR       .....                  (no ring)
Stlth    +++++.....             (no ring)
HPRegen  0.17/turn              (no ring)
MPRegen  0.14/turn              (no ring)
                                (no ring)
                                (no ring)

@: marked
A: almost no armour, stealthy swim, amphibious, 8 rings, constrict 8, camouflage
1, gelatinous body 1
a: no special abilities


You were on level 7 of the Dungeon.
You were not hungry.

You visited 1 branch of the dungeon, and saw 7 of its levels.
You also visited: Sewer.

You collected 122 gold pieces.

Inventory:

Hand Weapons
 n - a +1 short sword of speed
Armour
 j - a +0 buckler
Jewellery
 h - an uncursed amulet of faith {unknown}
 k - an uncursed amulet of magic regeneration {unknown}
 s - an uncursed amulet of the gourmand {unknown}
 u - an uncursed amulet of the acrobat {unknown}
Scrolls
 b - a scroll of enchant armour {unknown}
 e - 2 scrolls of remove curse
 i - a scroll of enchant weapon {unknown}
 m - a scroll of magic mapping {unknown}
 o - 6 scrolls of identify {unknown}
 q - a scroll of amnesia {unknown}
Potions
 l - 3 potions of flight
Comestibles
 f - 12 rations


   Skills:
 - Level 1.0 Fighting
 - Level 1.0 Short Blades
 - Level 2.0 Dodging
 + Level 8.8 Stealth
 * Level 8.7 Unarmed Combat
   Level 7.3 Evocations


You had 8 spell levels left.
You didn't know any spells.
Your spell library contained the following spells:

 Spells                   Type           Power        Failure   Level  Hunger
 Magic Dart               Conj           #...         28%         1    ##.....
 Blink                    Tloc           N/A          41%         2    ###....
 Call Imp                 Summ           #.......     41%         2    ###....
 Slow                     Hex            #.......     41%         2    ###....
 Conjure Flame            Conj/Fire      #.......     65%         3    ####...
 Mephitic Cloud           Conj/Pois/Air  #.......     65%         3    ####...


Dungeon Overview and Level Annotations

Branches:
Dungeon (7/15)              Sewer (visited)
 Temple: D:4-7

Altars:
Kikubaaqudgha
Okawaru
Ru

Shops:
D:5 %

Annotations:
D:7 Harold, Menkaure


Innate Abilities, Weirdness & Mutations

You cannot wear most types of armour.
You are very stealthy in the water. (Stealth+)
You are amphibious.
You can wear up to eight rings at the same time.
You can use your tentacles to constrict eight enemies at once.
Your skin changes colour to match your surroundings (Stealth+).
Your rubbery body absorbs attacks. (AC +1, EV +1)


Message History

Harold zaps a wand.
The mass of ice explodes!
The iceblast engulfs the orc!
The orc dies!
The iceblast engulfs the orc!!
The orc dies!
A hound skeleton comes into view.
Harold is no longer charmed.
Harold shouts!
Harold hits you from afar with a +0 glaive of protection!!
* * * LOW HITPOINT WARNING * * *
Harold says, "Listen, it's nothing personal.
It's just a job."
Harold points at you and mumbles some strange words.
A sentinel's mark forms upon you.
Unknown command.
Okay, then.
You aren't carrying any items that you can evoke.
As you read the scroll labeled CUKUAH SEGH, it crumbles to dust.
You feel blessed for a moment.
It was a scroll of remove curse.
Harold hits you from afar with a +0 glaive of protection!
You die...

..# #....# ..# #^...#
..# #....## ..#
###.....# ..### #...#
....#### ###.#%#
.......######...#.#
..###.........†)#.###...
..#
####(......)@........
.## #......@).)#####.#
## #...)..†#..# #
#............
#....Z......a..
....#........)..
...##........)).
..##............


You could see Harold, a worker ant and a hound skeleton.

Vanquished Creatures
  2 ogres (D:5)
  An orc warrior (D:6)
  A sky beast (D:5)
  3 necrophages
  A phantom (D:5)
  3 big kobolds
  2 elf zombies (D:7)
  3 wights (D:7)
  A quasit (Sewer)
  3 human zombies (D:7)
  2 jellies
  An orc priest (D:6)
  A human skeleton (D:7)
  7 worker ants
  2 big kobold zombies (Sewer)
  A hound skeleton (D:6)
  An adder (D:6)
  A river rat (D:6)
  2 shadow imps
  An ufetubus (Sewer)
  An ooze (D:3)
  An adder skeleton (D:5)
  4 worms
  2 dart slugs
  5 leopard geckos
  5 orcs
  A bat zombie (Sewer)
  7 giant cockroaches
  3 hobgoblins
  2 jackals (D:5)
  A quokka (D:5)
  3 ball pythons
  6 bats
  A frilled lizard (D:4)
  3 goblins
  18 kobolds
  2 rats (D:1)
104 creatures vanquished.

Vanquished Creatures (collateral kills)
  A deep elf mage (D:6)
  Prince Ribbit (D:7)
  A killer bee (D:7)
  A wight (D:7)
  An orc priest (D:7)
  An orc wizard (D:7)
  A worker ant (D:6)
  5 orcs (D:7)
12 creatures vanquished.

Vanquished Creatures (others)
  Grinder (Sewer)
  An orc warrior (D:7)
  A bullfrog (D:6)
  3 killer bees (D:7)
  An iguana (D:7)
  An ooze (Sewer)
  An orc (D:7)
9 creatures vanquished.

Grand Total: 125 creatures vanquished

Notes
Turn   | Place    | Note
-------+----------+-------------------------------------------
     0 | D:1      | Maedhros the Octopode Artificer began the quest for the
                  | Orb.
     0 | D:1      | Reached XP level 1. HP: 13/13 MP: 3/3
   167 | D:1      | Reached skill level 1 in Unarmed Combat
   167 | D:1      | Reached XP level 2. HP: 18/18 MP: 4/4
   568 | D:3      | Reached XP level 3. HP: 20/23 MP: 5/5
   631 | D:5      | Entered Level 5 of the Dungeon
   652 | D:5      | Found a sacrificial altar of Ru.
   694 | D:5      | Noticed a sky beast
   704 | D:5      | Killed a sky beast
   704 | D:5      | Reached XP level 4. HP: 9/28 MP: 5/7
   704 | D:5      | Reached XP level 5. HP: 11/33 MP: 5/8
   987 | D:5      | Noticed an ogre
   988 | D:5      | Noticed a big kobold
  1005 | D:5      | Killed an ogre
  1012 | D:5      | Killed a big kobold
  1012 | D:5      | Reached XP level 6. HP: 23/38 MP: 9/9
  1127 | D:5      | Noticed a phantom
  1143 | D:5      | Killed a phantom
  1336 | D:5      | Reached skill level 5 in Stealth
  1336 | D:5      | Reached skill level 5 in Evocations
  1588 | D:5      | Reached skill level 5 in Unarmed Combat
  1588 | D:5      | Reached XP level 7. HP: 43/43 MP: 10/10
  1842 | D:5      | Found Goesuenu's Food Shop.
  2177 | D:6      | Reached XP level 8. HP: 28/45 MP: 12/12
  2226 | D:6      | Noticed a deep elf mage
  2310 | D:6      | Killed a deep elf mage
  2438 | D:6      | Found a glowing drain.
  2442 | Sewer    | Entered a sewer
  2611 | Sewer    | Found a burning altar of Makhleb.
  2935 | Sewer    | Noticed Grinder
  2945 | Sewer    | Paralysed by Grinder for 3 turns
  2970 | Sewer    | Your ally died
  3630 | D:7      | Found an iron altar of Okawaru.
  3955 | D:7      | Noticed Menkaure
  4130 | D:7      | Reached XP level 9. HP: 21/53 MP: 14/14
  4410 | D:7      | Found an ancient bone altar of Kikubaaqudgha.
  4469 | D:7      | Noticed Harold
  4472 | D:7      | Noticed Prince Ribbit
  4489 | D:7      | Killed Prince Ribbit
  4495 | D:7      | Slain by Harold

Levels and vault maps discovered:
D:1:      saegor_arrival_simple_e, layout_basic
D:2:      layout_basic, uniq_natasha
D:3:      layout_loops_ring, grunt_temple_overflow_open,
          nicolae_tso_swordbearing_angel, first_ration
D:4:      layout_basic, kennysheep_little_box, temple_green, minmay_bisected
D:5:      layout_gridville, lemuel_crystal_altar, serial_shops, shop
D:6:      layout_rooms, gup_sewer_entry_spiral, minmay_misc_feat_pillars,
          guppyfry_early_elven_hall
D:7:      layout_rooms, nicolae_overflow_crystal_walls,
          lemuel_mausoleum_altar_kikubaaqudgha, nicolae_dithmenos_the_darkroom,
          uniq_harold, uniq_menkaure, uniq_prince_ribbit1

Skill      XL: |  1  2  3  4  5  6  7  8  9 |
---------------+----------------------------+-----
Unarmed Combat | 1 3 4 5 6 7 8 |  8.7
Stealth        | 2 3 4 5 6 8 |  8.8
Evocations     | 4 5 6 7 |  7.3
Fighting       | |  1.0
Short Blades   | |  1.0
Dodging        | |  2.0

Action                   |  1- 3 |  4- 6 |  7- 9 || total
-------------------------+-------+-------+-------++-------
Melee: Short sword       |    38 |    32 |    61 ||   131
       Constrict         |     9 |     7 |    52 ||    68
       Tentacles         |     6 |     5 |    46 ||    57
       Punch             |       |     2 |    11 ||    13
       Unarmed           |       |       |   189 ||   189
Evoke: Wand              |     6 |    14 |    25 ||    45
  Use: Potion            |       |     1 |    15 ||    16
       Scroll            |       |       |     1 ||     1
 Stab: Sleeping          |     4 |     2 |    12 ||    18
       Paralysed         |       |       |     2 ||     2
  Eat: Chunk             |       |     1 |     5 ||     6
       Ration            |       |       |     2 ||     2
Armor: Skin              |     7 |       |    45 ||    52
Dodge: Dodged            |    47 |    14 |   129 ||   190

Table legend:
 A = Non-vault XP
 B = Vault XP
 C = Vault XP percentage of total XP
 D = Non-vault monster count
 E = Vault monster count
 F = Vault count percentage of total count
                 A         B        C        D         E       F
            +---------+---------+-------+---------+---------+-------
      Total |    1562 |    1678 |  51.8 |      67 |      51 |  43.2
            +---------+---------+-------+---------+---------+-------
        D:1 |      12 |       0 |   0.0 |       7 |       0 |   0.0
        D:2 |      17 |       0 |   0.0 |       7 |       0 |   0.0
        D:3 |      11 |       0 |   0.0 |       3 |       0 |   0.0
        D:4 |       1 |       0 |   0.0 |       1 |       0 |   0.0
        D:5 |     854 |       0 |   0.0 |      20 |       0 |   0.0
        D:6 |     444 |     323 |  42.1 |      14 |       7 |  33.3
        D:7 |     223 |     915 |  80.4 |      15 |      13 |  46.4
      Sewer |       0 |     440 | 100.0 |       0 |      31 | 100.0
            +---------+---------+-------+---------+---------+-------
